Map: Odyssey LE

Players

Elazer - Winner!

  • Race: Zerg Zerg
  • League: Master
  • Spawn Location: 11:00

DnS

  • Race: Protoss Protoss
  • Spawn Location: 5:00

Event: HomeStory Cup XV

VOD

Have the link to the VOD?

Description

Time

  • Played on: July 22, 2017, 12:46 p.m.
  • Length: 8:35

All games in this series

Show
View Real Time Build Order
Export as new Build Order

Elazer Zerg - Winner!

Build Orders: Hatch First 

Get SALT Encoding   

  12  0:00  Drone  
  13  0:12  Overlord  
  13  0:17  Drone  
  14  0:30  Drone x2  
  14  0:34  Drone  
  17  0:51  Hatchery  
  17  0:54  Drone  
  17  0:57  Drone  
  18  1:08  Extractor  
  17  1:13  Spawning Pool  
  17  1:15  Drone  
  17  1:18  Drone  
  18  1:27  Drone  
  19  1:38  Overlord  
  19  1:49  Drone  
  20  1:59  Queen  
  20  2:00  Drone  
  23  2:03  Queen  
  23  2:04  Zergling x2  
  23  2:08  Metabolic Boost  
  26  2:12  Drone  
  26  2:15  Drone  
  28  2:21  Drone  
  29  2:25  Drone  
  30  2:36  Hatchery  
  29  2:37  Drone  
  30  2:44  Pneumatized Carapace  
  30  2:45  Zergling x2  
  30  2:50  Drone  
  32  2:52  Overlord  
  32  3:00  Zergling x4  
  32  3:05  Drone  
  35  3:07  Drone  
  35  3:11  Drone  
  35  3:12  Drone  
  38  3:13  Queen  
  38  3:19  Evolution Chamber  
  39  3:22  Drone x2  
  39  3:24  Overlord  
  41  3:30  Drone  
  41  3:32  Drone  
  43  3:40  Overlord  
  43  3:41  Drone  
  43  3:43  Drone x2  
  43  3:44  Drone  
  43  3:46  Drone x3  
  50  3:51  Zerg Melee Weapons Level 1  
  50  3:54  Drone  
  51  3:56  Queen  
  51  4:00  Drone x2  
  55  4:06  Drone x2  
  55  4:09  Overlord  
  57  4:11  Drone  
  57  4:14  Drone  
  59  4:17  Drone x2  
  61  4:29  Drone x5  
  61  4:30  Drone x2  
  66  4:34  Queen  
  66  4:36  Baneling Nest  
  66  4:38  Overlord  
  67  4:39  Lair  
  67  4:40  Drone x2  
  67  4:41  Drone  
  67  4:42  Extractor  
  67  4:43  Extractor, Drone  
  69  4:49  Overlord  
  69  4:50  Extractor  
  68  4:56  Zergling x2  
  68  4:57  Zergling x2  
  70  5:03  Zergling x2  
  70  5:04  Zergling x2  
  70  5:06  Zergling x2, Overlord  
  74  5:07  Zergling x8  
  74  5:10  Queen  
  79  5:14  Zergling x8  
  79  5:18  Overlord  
  83  5:23  Baneling x2  
  83  5:24  Baneling x2  
  83  5:25  Zergling x2  
  83  5:26  Hatchery, Overlord  
  83  5:29  Zergling x4  
  83  5:35  Zergling x6  
  88  5:39  Zergling x10  
  88  5:40  Baneling x2, Hydralisk Den  
  88  5:41  Baneling  
  92  5:45  Zergling x2  
  92  5:46  Zergling x6  
  93  5:56  Queen, Zergling x6  
  83  6:06  Zergling x2  
  83  6:07  Overseer, Zergling x4  
  83  6:09  Zergling x4  
  83  6:10  Zergling x2  
  84  6:12  Hydralisk, Muscular Augments  
  84  6:13  Hydralisk x2  
  84  6:16  Hydralisk  
  92  6:20  Baneling  
  92  6:22  Hydralisk x2  
  94  6:29  Hydralisk  
  94  6:30  Hydralisk  
  98  6:35  Zerg Missile Weapons Level 1  
  98  6:37  Overlord  
  98  6:39  Hydralisk  
  100  6:45  Hydralisk  
  100  6:46  Extractor  
  101  6:53  Hydralisk x2  
  95  7:02  Drone x2  
  95  7:03  Drone x4  
  95  7:05  Hydralisk x2  
  101  7:15  Hydralisk  
  101  7:18  Hydralisk, Zergling x8  
  101  7:19  Zergling x4  
  101  7:20  Overlord  
  111  7:24  Hydralisk  
  111  7:29  Hydralisk  
  115  7:31  Zergling x6  
  115  7:32  Zergling x2  
  119  7:39  Overlord  
  119  7:43  Zergling x8  
  123  7:49  Zergling x10  
  123  7:51  Baneling x4  
  127  7:52  Baneling  
  124  8:00  Zergling x4  
  124  8:02  Zergling x2  
  124  8:03  Zergling x8  
  127  8:08  Baneling x7  
  127  8:10  Zergling x2  
  127  8:11  Zergling x2  
Show
View Real Time Build Order
Export as new Build Order

DnS Protoss 

Build Orders: Nexus First, Zealot Archon 

Get SALT Encoding   

  12  0:00  Probe (Chrono Boost)  
  13  0:11  Probe (Chrono Boost)  
  14  0:18  Pylon  
  14  0:22  Probe (Chrono Boost)  
  15  0:36  Probe (Chrono Boost)  
  16  0:46  Probe (Chrono Boost)  
  17  0:57  Nexus  
  17  1:07  Gateway  
  17  1:10  Probe (Chrono Boost)  
  18  1:17  Assimilator  
  18  1:21  Probe (Chrono Boost)  
  18  1:24  Assimilator  
  19  1:32  Probe (Chrono Boost)  
  20  1:37  Gateway  
  20  1:42  Probe (Chrono Boost)  
  21  1:53  Probe (Chrono Boost)  
  22  1:55  Cybernetics Core  
  22  2:03  Probe (Chrono Boost)  
  23  2:10  Probe (Chrono Boost)  
  23  2:14  Probe (Chrono Boost)  
  25  2:20  Probe (Chrono Boost)  
  26  2:24  Probe (Chrono Boost)  
  27  2:30  Stalker (Chrono Boost)  
  27  2:31  Probe, Adept (Chrono Boost)  
  27  2:33  Warp Gate  
  27  2:35  Probe  
  33  2:40  Pylon  
  33  2:43  Probe (Chrono Boost)  
  34  2:47  Probe (Chrono Boost)  
  35  2:55  Probe (Chrono Boost)  
  36  3:00  Probe (Chrono Boost)  
  36  3:02  Twilight Council  
  37  3:06  Probe (Chrono Boost)  
  37  3:11  Probe (Chrono Boost)  
  39  3:16  Probe (Chrono Boost)  
  39  3:17  Robotics Facility  
  40  3:23  Pylon  
  40  3:24  Probe (Chrono Boost)  
  42  3:27  Probe (Chrono Boost)  
  42  3:30  Resonating Glaives (Chrono Boost)  
  42  3:34  Probe (Chrono Boost), Adept  
  42  3:36  Probe (Chrono Boost)  
  42  3:38  Pylon  
  42  3:41  Adept  
  48  3:43  Assimilator  
  48  3:45  Probe  
  48  3:46  Probe, Assimilator  
  50  3:57  Probe x2  
  50  3:58  Gateway  
  50  3:59  Gateway  
  52  4:06  Warp Prism (Chrono Boost)  
  54  4:10  Dark Shrine  
  54  4:19  Pylon  
  54  4:27  Probe  
  53  4:31  Probe  
  53  4:36  Pylon  
  54  4:39  Adept  
  54  4:40  Adept  
  58  4:47  Probe  
  58  4:49  Pylon  
  58  4:50  Mothership Core  
  61  4:53  Adept x2  
  61  4:55  Pylon  
  65  5:03  Nexus  
  65  5:04  Pylon  
  65  5:11  Probe  
  66  5:19  Pylon  
  66  5:22  Dark Templar x4  
  66  5:27  Archon x2  
  74  5:34  Probe x2  
  76  5:38  Forge, Observer (Chrono Boost)  
  77  5:46  Probe x2  
  79  5:57  Dark Templar x2  
  75  5:58  Zealot, Probe x2, Dark Templar  
  73  6:08  Protoss Ground Weapons Level 1 (Chrono Boost)  
  73  6:10  Probe  
  73  6:11  Probe  
  71  6:17  Charge  
  71  6:18  Probe  
  71  6:22  Zealot, Probe  
  71  6:23  Pylon, Probe  
  76  6:27  Gateway  
  76  6:28  Gateway  
  76  6:29  Probe  
  77  6:34  Probe  
  77  6:35  Probe, Sentry x2  
  77  6:36  Assimilator x2  
  83  6:42  Probe  
  83  6:46  Probe  
  85  6:53  Immortal (Chrono Boost)  
  85  7:04  Zealot x4  
  93  7:11  Gateway  
  93  7:12  Gateway  
  93  7:14  Gateway  
  91  7:18  Pylon  
  91  7:20  Pylon, Probe  
  91  7:21  Probe x2, Templar Archives  
  91  7:22  Pylon  
  94  7:27  Pylon  
  94  7:28  Zealot, Dark Templar x2  
  94  7:29  Pylon, Sentry  
  102  7:33  Archon  
  102  7:39  Stalker x2  
  105  7:48  Immortal (Chrono Boost)  
  105  7:54  Zealot x2  
  109  8:03  Zealot x4  
  80  8:20  Zealot x2, Dark Templar x2  
  80  8:21  Zealot  
  80  8:26  Zealot x2  
Tags
 
Add a new tag
Caveats
  • Supply blocks, unpowered buildings, or Contaminate may cause inaccurate times.
  • Supply counts are checked every 10 seconds.